 Dungeon Crawl Stone Soup version 0.20-a0-464-g526fb3c (webtiles) character file.

414487 tsouns the Warrior (level 23, -11/198 HPs)
             Began as a Barachian Fighter on Jan 10, 2017.
             Was a Priest of Cheibriados.
             Mangled by a titan (33 damage)
             ... on level 5 of the Vaults on Jan 11, 2017.
             The game lasted 03:24:57 (45171 turns).

tsouns the Warrior (Barachian Fighter)             Turns: 45171, Time: 03:24:58

Health: -11/198    AC: 32    Str: 28    XL:     23   Next: 88%
Magic:  35/35      EV: 16    Int: 21    God:    Cheibriados [***...]
Gold:   281        SH: 19    Dex: 22    Spells: 20/37 levels left

rFire  + . .     SeeInvis .     a - +7 scimitar (elec)
rCold  . . .     Gourm    .     C - +5 plate armour {rF+}
rNeg   . . .     Faith    +     U - +2 shield
rPois  +         Spirit   .     E - +2 helmet
rElec  .         Reflect  .     t - +2 cloak {MR+}
rCorr  .         Harm     .     s - +2 pair of gloves
MR     +++..                    X - +0 pair of boots
Stlth  +++.......               l - amulet of faith
                                D - ring of Dumisy {rPois MR+ MP-9 Stlth+}
                                O - ring "Bukeamn" {MP+9 Str+2 Dex+2 Stlth+}

@: about to teleport, very slow
A: swims, clever 1, regeneration 1, slowness 1, strong legs 2
}: 1/15 runes: barnacled
a: Hop, Bend Time, Temporal Distortion, Renounce Religion


You were on level 5 of the Vaults.
You worshipped Cheibriados.
Cheibriados was most pleased with you.
You were very full.

You visited 7 branches of the dungeon, and saw 37 of its levels.

You collected 3949 gold pieces.
You spent 3668 gold pieces at shops.

Inventory:

Hand Weapons
 a - a +7 scimitar of electrocution (weapon)
 F - a +3 scimitar of flaming
 W - a +4 long sword of holy wrath
Missiles
 h - 15 throwing nets (quivered)
 K - 39 poisoned javelins
 Y - 14 javelins of penetration
Armour
 s - a +2 pair of gloves (worn)
 t - a +2 cloak of magic resistance (worn)
 C - a +5 plate armour of fire resistance (worn)
 E - a +2 helmet (worn)
 U - a +2 shield (worn)
 X - a +0 pair of boots (worn)
Jewellery
 j - an uncursed ring of protection from cold
 l - an amulet of faith (around neck)
 D - the ring of Dumisy (right hand) {rPois MR+ MP-9 Stlth+}
   (You found it on level 5 of the Vaults)

   [ring of stealth]

   It protects you from poison.
   It affects your resistance to hostile enchantments.
   It affects your magic capacity (-9).
   It makes you more stealthy.
 O - the ring "Bukeamn" (left hand) {MP+9 Str+2 Dex+2 Stlth+}
   (You found it on level 4 of the Shoals)

   [ring of stealth]

   It affects your strength (+2).
   It affects your dexterity (+2).
   It affects your magic capacity (+9).
   It makes you more stealthy.
Wands
 c - a wand of scattershot (4/9)
 i - a wand of digging (12/24)
 v - a wand of acid (5/15)
 J - a wand of lightning (4/15)
 L - a wand of confusion (17/48)
 M - a wand of polymorph (13/24)
 S - a wand of iceblast (5/15)
Scrolls
 b - 10 scrolls of fear
 m - 10 scrolls of teleportation
 o - 7 scrolls of recharging
 r - 2 scrolls of summoning
 x - 3 scrolls of magic mapping
 I - a scroll of silence
 N - 13 scrolls of remove curse
 Q - 6 scrolls of blinking
 T - 2 scrolls of fog
Potions
 d - 4 potions of might
 e - 19 potions of curing
 n - 2 potions of heal wounds
 p - a potion of resistance
 q - 2 potions of invisibility
 u - 5 potions of brilliance
 w - 5 potions of magic
 A - 4 potions of cure mutation
 B - 2 potions of agility
 R - 5 potions of ambrosia
 Z - a potion of cancellation
Miscellaneous
 k - a lamp of fire (inert)
 y - a sack of spiders
 G - a fan of gales (inert)
 H - a lightning rod (4/4)
Comestibles
 f - 12 bread rations
 g - 52 fruits
 z - 14 meat rations


   Skills:
 + Level 20.6 Fighting
 - Level 14.0 Long Blades
 - Level 7.0 Throwing
 - Level 12.2 Armour
 - Level 11.1 Dodging
 - Level 11.2 Stealth
 - Level 19.8 Shields
 - Level 7.7 Spellcasting
 + Level 11.3 Hexes
 - Level 5.7 Summonings
 - Level 2.1 Necromancy
 - Level 3.1 Translocations
 - Level 16.2 Invocations
 - Level 9.5 Evocations


You had 20 spell levels left.
You knew the following spells:

 Your Spells              Type           Power        Failure   Level  Hunger
a - Animate Skeleton      Necr           N/A          24%         1    None
b - Apportation           Tloc           ###.......   17%         1    None
c - Summon Butterflies    Summ           ####....     8%          1    None
d - Invisibility          Hex            ######..     86%         6    ######.
e - Lesser Beckoning      Tloc           ###.......   50%         3    None
f - Tukima's Dance        Hex            ######..     1%          3    None
g - Poisonous Vapours     Pois/Air       #.....       89%         2    None


Dungeon Overview and Level Annotations

Branches:
Dungeon (15/15)            Temple (0/1) D:5            Lair (6/6) D:8
 Shoals (4/4) Lair:4        Snake (3/4) Lair:3        Slime (0/5) Lair:5
    Orc (2/2) D:9             Elf (2/3) Orc:2        Vaults (5/5) D:13
  Crypt (0/3) Vaults:2     Depths (0/5) D:15

Altars:
Ashenzari
Cheibriados
Dithmenos
Gozag
Nemelex Xobeh
Qazlal
Sif Muna
Trog
Uskayaw
Vehumet
Xom
Yredelemnul
Zin
Jiyva

Shops:
D:4 :   D:5 [   D:14 [[   D:15 *   Orc:2 :*[%   Elf:2 !   Snake:2 [
Vaults:3 [[[}*%

Portals:
Pandemonium: Orc:2

Annotations:
D:11 exclusion: orange crystal statue
Elf:2 1 runed door


Innate Abilities, Weirdness & Mutations

You can swim through water.
You cover ground slowly.
You can hop longer distances.
Your mind is acute. (Int +2)
Your natural rate of healing is unusually fast.


Message History

* * * LOW HITPOINT WARNING * * *
The tentacled monstrosity constricts you!
The necromancer gestures wildly while chanting.
The necromancer flickers and vanishes!
Deactivating autopickup; reactivate with Ctrl-A.
You escape the tentacled monstrosity's grasp.
Your surroundings suddenly seem different.
You block the titan's attack.
Found a dyed leather armour.
A stone giant and a titan come into view.
Unknown command.
As you read the scroll of teleportation, it crumbles to dust.
You feel strangely unstable. The titan hits you but does no damage.
Unknown command.
The titan closely misses you.
You riposte.
You slash the titan!
The titan is lightly wounded.
You hit the titan.
The titan is lightly wounded.
The titan hits you!!
You die...

#).......$##
#$.......%##
#(.p.....:#
#(XpC...(##
##[WH....?##
###?$.....#
##..... ..#
###'#
....C###@#
[.......C#
...........#
.............C.
##############.


You could see a titan.

Vanquished Creatures
  Boris (Vaults:4)
  Bai Suzhen (Vaults:4)
  3 tentacled monstrosities
  A lich (Vaults:1)
  A deep elf blademaster (Elf:2)
  Asterion (Vaults:1)
  3 titans
  A quicksilver dragon (Vaults:5)
  A kraken (Shoals:3)
  4 sphinxes
  2 storm dragons
  A shadow dragon (Vaults:5)
  Donald (D:13)
  Ilsuiw (Shoals:4)
  A tengu reaver (Vaults:5)
  2 nagarajas
  2 deep elf sorcerers
  6 frost giants
  2 fire giants
  A deep elf elementalist (Vaults:5)
  18 ironheart preservers
  20 vault wardens
  8 stone giants
  A ghoul (Vaults:4)
  An entropy weaver (Vaults:1)
  A war gargoyle (Vaults:1)
  A vampire knight (Vaults:2)
  2 very ugly things
  Nessos (Orc:2)
  2 deep elf demonologists
  2 deep elf annihilators
  A dire elephant (Lair:6)
  Azrael (Snake:2)
  2 ettins
  Snorg (Lair:4)
  2 deep elf death magi
  4 merfolk javelineers
  3 fire dragons (Vaults:2)
  3 deep elf high priests
  13 merfolk impalers
  19 ogre magi
  6 yaktaur captains
  3 great orbs of eyes
  32 vault guards
  Fannar (D:12)
  4 ice dragons
  Harold (D:12)
  2 rakshasas
  10 hydras
  An alligator snapping turtle (Shoals:4)
  6 naga warriors
  3 death knights
  15 centaur warriors
  10 anacondas
  26 dancing weapons
  3 merfolk avatars
  2 satyrs
  10 orc high priests
  51 two-headed ogres
  5 merfolk aquamancers (Shoals:4)
  2 death yaks (Lair:6)
  A deep troll shaman (Vaults:4)
  3 tengu warriors (D:15)
  4 shock serpents
  8 naga sharpshooters
  24 deep elf knights
  A salamander mystic (Snake:2)
  2 shadow wraiths
  8 skeletal warriors (Vaults:2)
  A sea snake (shapeshifter) (Vaults:5)
  3 infernal demonspawn (Orc:2)
  9 deep trolls
  3 glowing orange brains (Vaults:3)
  14 sea snakes
  A kraken simulacrum (Shoals:4)
  A lindwurm (Lair:6)
  3 flayed ghosts
  4 wizards
  4 naga ritualists
  A torturous demonspawn (Orc:2)
  19 deep elf archers
  23 ironbrand convokers
  22 orc knights
  2 phantasmal warriors
  25 ugly things
  52 harpies
  70 deep elf magi
  4 mana vipers
  9 manticores
  5 orc sorcerers
  2 wolf spiders
  15 cyclopes
  A faun (shapeshifter) (Vaults:4)
  A shadow dragon skeleton (Vaults:5)
  10 salamanders
  12 fauns
  A frost giant skeleton (Vaults:2)
  2 smoke demons (Orc:2)
  Maurice (Orc:2)
  Joseph (D:7)
  11 water nymphs
  3 centaur zombies
  12 merfolk sirens
  7 elephants
  21 black mambas
  A torpor snail (Lair:6)
  10 naga magi
  4 guardian serpents
  2 gargoyles
  12 vault sentinels
  A stone giant skeleton (Vaults:2)
  12 spiny frogs
  7 komodo dragons
  52 yaktaurs
  A komodo dragon (shapeshifter) (Vaults:4)
  4 rime drakes (Lair:6)
  10 trolls
  A rime drake (shapeshifter) (Vaults:1)
  A yaktaur skeleton (Vaults:2)
  9 freezing wraiths
  A tengu conjurer (D:15)
  A troll (shapeshifter) (Vaults:1)
  A red devil (Orc:2)
  34 merfolk
  8 hornets
  4 polar bears (Lair:6)
  A hornet (shapeshifter) (Vaults:4)
  4 blink frogs (Lair:3)
  3 meliai (D:14)
  9 wind drakes
  8 slime creatures
  7 dream sheep
  2 human simulacra
  A fire giant simulacrum (Vaults:2)
  15 hippogriffs
  15 snapping turtles
  A stone giant simulacrum (Vaults:3)
  A yak (shapeshifter) (Vaults:2)
  A spriggan (shapeshifter) (Elf:2)
  3 air elementals
  An ettin skeleton (Vaults:2)
  A redback (Vaults:1)
  2 shadows
  4 wraiths
  A tarantella (shapeshifter) (Vaults:1)
  A redback (shapeshifter) (Elf:2)
  15 water elementals
  59 yaks
  4 fire elementals
  2 basilisks
  A golden eye (shapeshifter) (Vaults:2)
  6 wyverns
  Grum (D:8)
  4 hogs (Lair:5)
  4 hungry ghosts
  A yaktaur simulacrum (Vaults:1)
  A steam dragon (Lair:2)
  A neqoxec (Orc:2)
  7 wargs
  4 vampire mosquitoes (D:15)
  A naga (shapeshifter) (D:14)
  28 nagas
  2 acid dragons
  6 porcupines
  13 water moccasins
  A deep troll skeleton (Vaults:2)
  6 hell hounds
  63 orc warriors
  7 sky beasts
  9 phantoms
  2 ice beasts
  A black bear (D:6)
  49 ogres
  3 eyes of draining
  10 necrophages
  21 wolves
  24 centaurs
  A boggart (Vaults:1)
  15 crocodiles
  An elf zombie (D:14)
  5 big kobolds
  Blork the orc (D:6)
  24 bullfrogs
  2 earth elementals (Elf:2)
  A glowing shapeshifter simulacrum (Vaults:2)
  2 wyvern skeletons
  3 scorpions
  A troll zombie (D:9)
  16 killer bees
  22 wights
  8 electric eels
  5 howler monkeys
  9 crimson imps
  A quasit (D:11)
  8 jellies
  8 centaur skeletons
  6 human zombies (D:14)
  36 orc priests
  6 hounds
  3 bullfrog skeletons
  5 gnoll shamans
  Crazy Yiuf (D:6)
  5 human skeletons
  3 iguanas
  29 orc wizards
  11 worker ants
  7 ogre zombies (D:9)
  A hound zombie (D:10)
  A worker ant zombie (D:9)
  3 mummies (D:14)
  35 gnolls
  8 adders
  5 shadow imps
  An ooze (D:1)
  2 adder zombies
  2 adder skeletons
  3 worms
  A dart slug (D:1)
  6 leopard geckos
  118 orcs
  A ball python (D:8)
  7 giant cockroaches
  3 goblins (D:1)
  7 hobgoblins
  27 jackals
  7 quokkas
  5 bats
  6 frilled lizards
  4 goblin skeletons (D:9)
  2 hobgoblin skeletons (D:9)
  4 hobgoblin zombies (D:9)
  2 jackal skeletons
  19 kobolds
  An orc skeleton (D:9)
  14 orc zombies (D:9)
  A quokka skeleton (D:7)
  A quokka zombie (D:9)
  8 rats
  A butterfly (Lair:2)
1925 creatures vanquished.

Vanquished Creatures (collateral kills)
  Saint Roka (Orc:2)
  An ettin (Vaults:5)
  A red devil (Orc:2)
  An orc wizard (Orc:2)
  An orc (Orc:2)
5 creatures vanquished.

Vanquished Creatures (others)
  Kirke (Lair:5)
  A deep elf knight (Elf:2)
  A shadow wraith (Vaults:4)
  A slime creature (Vaults:3)
  4 dancing weapons
  A human (Lair:5)
  A fire elemental (Snake:2)
  A wolf (D:8)
  A bullfrog (Lair:5)
  An orc (Orc:2)
  13 fungi
  40 plants
  4 tentacles (Shoals:4)
70 creatures vanquished.

Grand Total: 2000 creatures vanquished

Notes
Turn   | Place    | Note
-------+----------+-------------------------------------------
     0 | D:1      | tsouns the Barachian Fighter began the quest for the Orb.
     0 | D:1      | Reached XP level 1. HP: 18/18 MP: 1/1
    79 | D:1      | Reached XP level 2. HP: 24/24 MP: 2/2
   532 | D:2      | Reached XP level 3. HP: 29/29 MP: 3/3
   566 | D:2      | Found an opulent altar of Gozag.
  1389 | D:3      | Reached XP level 4. HP: 37/37 MP: 4/4
  1810 | D:4      | Noticed a phantom
  1892 | D:4      | Killed a phantom
  1892 | D:4      | Reached skill level 4 in Fighting
  1892 | D:4      | Reached XP level 5. HP: 18/42 MP: 5/5
  2183 | D:4      | Noticed an ogre
  2192 | D:4      | Killed an ogre
  2192 | D:4      | Reached skill level 5 in Long Blades
  2192 | D:4      | Reached XP level 6. HP: 47/49 MP: 6/6
  2261 | D:4      | Found Qyogoen's Book Emporium.
  2999 | D:3      | Found a bloodstained altar of Trog.
  2999 | D:3      | Found a snail-covered altar of Cheibriados.
  3012 | D:3      | Reached XP level 7. HP: 48/55 MP: 7/7
  3031 | D:3      | Found an opulent altar of Gozag.
  3031 | D:3      | Found a stormy altar of Qazlal.
  3033 | D:3      | Became a worshipper of Cheibriados the Contemplative
  3036 | D:3      | Found a shadowy altar of Dithmenos.
  3038 | D:3      | Found a shimmering altar of Xom.
  3395 | D:3      | Reached skill level 1 in Invocations
  3402 | D:3      | Reached * piety under Cheibriados
  3722 | D:3      | Reached XP level 8. HP: 44/61 MP: 9/9
  3786 | D:3      | Reached ** piety under Cheibriados
  4375 | D:5      | Entered Level 5 of the Dungeon
  4408 | D:5      | Found Abuwnopt's Antique Armour Emporium.
  4475 | D:5      | Reached *** piety under Cheibriados
  4606 | D:5      | Found a deep blue altar of Sif Muna.
  4608 | D:5      | Found a radiant altar of Vehumet.
  4609 | D:5      | Found a hide-covered altar of Uskayaw.
  4610 | D:5      | Found a sparkling altar of Nemelex Xobeh.
  4621 | D:5      | Found a glowing silver altar of Zin.
  4621 | D:5      | Found a staircase to the Ecumenical Temple.
  4967 | D:6      | Got a translucent falchion
  4968 | D:6      | Identified the +9 falchion of Aghoemell {slice, Int+3} (You found it on level 6 of the Dungeon)
  4999 | D:6      | Found a runed door.
  5003 | D:6      | Noticed Crazy Yiuf
  5007 | D:6      | Killed Crazy Yiuf
  5007 | D:6      | Reached skill level 10 in Long Blades
  5007 | D:6      | Reached XP level 9. HP: 67/67 MP: 12/12
  5171 | D:6      | Noticed Blork the orc
  5172 | D:6      | Reached skill level 5 in Invocations
  5182 | D:6      | Killed Blork the orc
  5182 | D:6      | Reached **** piety under Cheibriados
  5792 | D:7      | Noticed Joseph
  5808 | D:7      | Killed Joseph
  5812 | D:7      | Reached ***** piety under Cheibriados
  5909 | D:7      | Found a stormy altar of Qazlal.
  5998 | D:7      | Reached XP level 10. HP: 73/73 MP: 15/15
  6497 | D:8      | Found a staircase to the Lair.
  6574 | D:8      | Found a shattered altar of Ashenzari.
  6829 | D:8      | Noticed Grum
  6836 | D:8      | Killed Grum
  7446 | D:9      | Noticed a cyclops
  7458 | D:9      | Killed a cyclops
  7539 | D:9      | Reached XP level 11. HP: 74/78 MP: 18/18
  7557 | D:9      | Reached skill level 10 in Invocations
  7619 | D:9      | Reached ****** piety under Cheibriados
  7640 | D:9      | Found a staircase to the Orcish Mines.
  8066 | D:10     | Entered Level 10 of the Dungeon
  8107 | Lair:1   | Entered Level 1 of the Lair of Beasts
  8112 | Lair:1   | Reached skill level 5 in Fighting
  8376 | Lair:1   | Reached skill level 1 in Dodging
  8487 | Lair:1   | Learned a level 1 spell: Animate Skeleton
  8489 | Lair:1   | Learned a level 1 spell: Apportation
  8687 | Lair:1   | Noticed an eight-headed hydra
  8693 | Lair:1   | Killed an eight-headed hydra
  8693 | Lair:1   | Reached skill level 5 in Shields
  9154 | Lair:2   | Noticed a four-headed hydra
  9159 | Lair:2   | Killed a four-headed hydra
  9159 | Lair:2   | Reached skill level 6 in Fighting
  9159 | Lair:2   | Reached skill level 5 in Armour
  9255 | Lair:2   | Reached XP level 12. HP: 77/89 MP: 20/20
  9685 | Lair:3   | Noticed an eight-headed hydra
  9694 | Lair:3   | Killed an eight-headed hydra
  9713 | Lair:3   | Reached skill level 7 in Fighting
  9857 | Lair:3   | Found a staircase to the Snake Pit.
 10041 | Lair:3   | Reached skill level 8 in Fighting
 10562 | Lair:4   | Found a staircase to the Shoals.
 10707 | Lair:4   | Reached skill level 5 in Dodging
 10723 | Lair:4   | Noticed Snorg
 10735 | Lair:4   | Killed Snorg
 11308 | Lair:4   | Noticed a six-headed hydra
 11314 | Lair:4   | Killed a six-headed hydra
 11314 | Lair:4   | Reached skill level 9 in Fighting
 11578 | Lair:5   | Noticed Kirke
 11579 | Lair:5   | Gained mutation: You can hop longer distances. [Barachian growth]
 11579 | Lair:5   | Reached XP level 13. HP: 98/101 MP: 22/22
 11597 | Lair:5   | Killed Kirke
 11934 | Lair:5   | Found a viscous altar of Jiyva.
 11934 | Lair:5   | Found a staircase to the Slime Pits.
 12241 | Lair:6   | Entered Level 6 of the Lair of Beasts
 12352 | Lair:6   | Identified the Almanac of Attacks
 12366 | Lair:6   | Reached skill level 10 in Fighting
 12806 | Lair:6   | Reached skill level 11 in Fighting
 13059 | Lair:6   | Noticed a dire elephant
 13067 | Lair:6   | Reached skill level 1 in Stealth
 13067 | Lair:6   | Reached skill level 1 in Evocations
 13067 | Lair:6   | Reached XP level 14. HP: 108/113 MP: 23/23
 13068 | Lair:6   | Killed a dire elephant
 13758 | Orc:1    | Entered Level 1 of the Orcish Mines
 13990 | Orc:2    | Entered Level 2 of the Orcish Mines
 13990 | Orc:2    | Noticed Maurice
 14046 | Orc:2    | Killed Maurice
 14644 | Orc:1    | Noticed Urug
 14645 | Orc:1    | Noticed Urug
 14645 | Orc:1    | Urug changed into Urug the wind drake
 14658 | Orc:1    | Killed Urug the wind drake
 14892 | Orc:2    | Found a staircase to the Elven Halls.
 15113 | Orc:2    | Noticed Saint Roka
 15139 | Orc:2    | HP: 5/114 [Saint Roka/battleaxe (16)]
 15145 | Orc:2    | HP: 5/114 [orc priest/divine providence (14)]
 15878 | D:10     | Found a shattered altar of Ashenzari.
 16488 | D:11     | Gained mutation: Your mind is acute. (Int +2) [potion of beneficial mutation]
 16616 | D:11     | Reached skill level 12 in Fighting
 17032 | D:12     | Noticed Harold
 17117 | D:12     | Killed Harold
 17141 | D:12     | Noticed Fannar
 17156 | D:12     | Killed Fannar
 17439 | D:12     | Reached XP level 15. HP: 121/121 MP: 24/24
 17624 | D:12     | Reached skill level 10 in Shields
 18045 | D:13     | Noticed Sonja
 18046 | D:13     | Noticed Sonja
 18046 | D:13     | Sonja changed into Sonja the warg
 18051 | D:13     | Reached skill level 5 in Evocations
 18055 | D:13     | Killed Sonja the warg
 18056 | D:13     | Found a gate to the Vaults.
 19061 | D:14     | Found Meteor Gilu's Armour Shoppe.
 19294 | D:14     | Found a basalt altar of Yredelemnul.
 19501 | D:14     | Found Lius's Armour Shop.
 19533 | D:14     | Reached skill level 10 in Armour
 20070 | D:15     | Entered Level 15 of the Dungeon
 20287 | D:15     | Reached skill level 13 in Fighting
 20612 | D:15     | Found Rudivobe's General Store.
 20617 | D:15     | Bought a wand of acid (11/15) for 480 gold pieces
 20640 | D:15     | Reached XP level 16. HP: 121/131 MP: 25/25
 21086 | D:15     | Found a staircase to the Depths.
 21505 | Elf:1    | Entered Level 1 of the Elven Halls
 21940 | Elf:1    | Reached skill level 14 in Fighting
 22084 | Elf:1    | Identified the Incunabulum of Arcane Weapons
 22616 | Orc:2    | Found Wierr's Food Boutique.
 22637 | Orc:2    | Found Kakhuseo's General Store.
 22726 | Orc:2    | Killed Saint Roka
 22743 | Orc:2    | Bought a potion of heal wounds for 75 gold pieces
 22743 | Orc:2    | Bought a potion of curing for 45 gold pieces
 22743 | Orc:2    | Bought a scroll of fear for 52 gold pieces
 22743 | Orc:2    | Bought a potion of curing for 45 gold pieces
 22743 | Orc:2    | Bought a scroll of summoning for 142 gold pieces
 22821 | Orc:2    | Noticed Nessos
 22826 | Orc:2    | Killed Nessos
 23082 | Orc:2    | Reached XP level 17. HP: 82/140 MP: 27/27
 23427 | Orc:2    | Found Syumeghu's Antique Armour Shoppe.
 23427 | Orc:2    | Found Viep's Book Emporium.
 23428 | Orc:2    | Found a one-way gate leading to the halls of Pandemonium.
 23436 | Orc:2    | Bought a shiny plate armour for 986 gold pieces
 24147 | Elf:2    | Found Izus's Distillery.
 24519 | Elf:2    | Bought a potion of heal wounds for 75 gold pieces
 24519 | Elf:2    | Bought a potion of heal wounds for 75 gold pieces
 24519 | Elf:2    | Bought a potion of curing for 45 gold pieces
 24519 | Elf:2    | Bought a potion of cancellation for 120 gold pieces
 24519 | Elf:2    | Bought a potion of curing for 45 gold pieces
 24519 | Elf:2    | Bought a potion of might for 60 gold pieces
 24519 | Elf:2    | Bought a potion of invisibility for 120 gold pieces
 24519 | Elf:2    | Bought a potion of flight for 45 gold pieces
 24519 | Elf:2    | Bought a potion of flight for 45 gold pieces
 24553 | Elf:2    | Found a runed door.
 24583 | Elf:2    | Found a runed door.
 24613 | Elf:2    | Reached skill level 15 in Fighting
 24879 | Elf:2    | Reached skill level 15 in Shields
 25096 | Elf:2    | Noticed a deep elf blademaster
 25106 | Elf:2    | Killed a deep elf blademaster
 25688 | Elf:2    | Reached skill level 5 in Stealth
 25774 | Elf:2    | Reached XP level 18. HP: 82/149 MP: 28/28
 26009 | Elf:2    | Reached skill level 10 in Dodging
 26543 | Shoals:1 | Entered Level 1 of the Shoals
 27287 | Shoals:1 | Reached skill level 1 in Throwing
 27672 | Shoals:2 | Noticed a titan
 27707 | Shoals:2 | HP: 1/150 [titan/bolt of lightning (41)]
 27709 | Shoals:2 | Killed a titan
 28560 | Shoals:3 | Reached skill level 15 in Invocations
 29695 | Shoals:3 | Reached skill level 16 in Fighting
 29709 | Shoals:3 | Reached XP level 19. HP: 128/157 MP: 30/30
 29776 | Shoals:4 | Entered Level 4 of the Shoals
 30092 | Shoals:4 | Got a transparent marble ring
 30093 | Shoals:4 | Identified the ring "Bukeamn" {MP+9 Str+2 Dex+2 Stlth+} (You found it on level 4 of the Shoals)
 30182 | Shoals:4 | Got a barnacled rune of Zot
 30512 | Shoals:4 | Noticed Ilsuiw
 30552 | Shoals:4 | Killed Ilsuiw
 32268 | D:13     | Reached skill level 5 in Throwing
 32281 | Vaults:1 | Entered Level 1 of the Vaults
 32327 | Vaults:1 | Noticed Asterion
 32330 | Vaults:1 | Noticed Donald
 32348 | D:13     | Killed Donald
 32823 | Snake:1  | Entered Level 1 of the Snake Pit
 33065 | Snake:1  | Reached XP level 20. HP: 148/166 MP: 31/31
 33593 | Snake:1  | Learned a level 1 spell: Summon Butterflies
 33600 | Snake:1  | Learned a level 6 spell: Invisibility
 33604 | Snake:1  | Learned a level 3 spell: Lesser Beckoning
 33608 | Snake:1  | Learned a level 3 spell: Tukima's Dance
 34125 | Snake:1  | Reached skill level 1 in Summonings
 34227 | Snake:2  | Reached skill level 1 in Necromancy
 34292 | Snake:2  | Found Zaschoupn's Armour Shop.
 34308 | Snake:2  | Bought a +2 cloak of magic resistance for 344 gold pieces
 34364 | Snake:2  | Reached skill level 1 in Hexes
 34376 | Snake:2  | Reached skill level 1 in Spellcasting
 34565 | Snake:2  | Reached skill level 1 in Translocations
 34686 | Snake:2  | Reached skill level 10 in Stealth
 35212 | Snake:2  | Noticed Azrael
 35230 | Snake:2  | Killed Azrael
 35816 | Snake:3  | Reached skill level 17 in Fighting
 36711 | Snake:3  | Upgraded the game from 0.20-a0-463-g5747544 to 0.20-a0-464-g526fb3c
 37185 | Vaults:1 | Killed Asterion
 38072 | Vaults:1 | Gained mutation: Your natural rate of healing is unusually fast. [potion of beneficial mutation]
 38715 | Vaults:1 | Reached XP level 21. HP: 144/174 MP: 32/32
 39178 | Vaults:2 | Reached skill level 5 in Spellcasting
 39317 | Vaults:2 | Identified the Volume of Intoxication and Flight
 39321 | Vaults:2 | Learned a level 2 spell: Poisonous Vapours
 39408 | Vaults:2 | Paralysed by a hornet for 2 turns
 39870 | Vaults:2 | Found a staircase to the Crypt.
 40066 | Vaults:2 | Reached skill level 18 in Fighting
 40276 | Vaults:2 | Got an ichor-stained plate armour
 40277 | Vaults:2 | Identified the +9 plate armour "Osepit" {rPois rF- rCorr Str-5} (You found it on level 2 of the Vaults)
 40868 | Vaults:2 | Reached XP level 22. HP: 184/184 MP: 33/33
 41036 | Vaults:3 | Found Xiysyl's Gadget Emporium.
 41044 | Vaults:3 | Bought a lamp of fire for 680 gold pieces
 41707 | Vaults:3 | Found Feyleqio's Food Shoppe.
 41709 | Vaults:3 | Found Seck's General Store.
 41729 | Vaults:3 | Bought a scroll of teleportation for 63 gold pieces
 41729 | Vaults:3 | Bought a potion of curing for 63 gold pieces
 41729 | Vaults:3 | Bought a scroll of teleportation for 63 gold pieces
 41923 | Vaults:3 | Found Bigaumn's Antique Armour Shop.
 42162 | Vaults:3 | Found Uref's Antique Armour Emporium.
 42181 | Vaults:3 | Found Nuvoon's Antique Armour Shop.
 42224 | Vaults:3 | Reached skill level 5 in Summonings
 42254 | Vaults:3 | Reached skill level 5 in Hexes
 43029 | Vaults:4 | Noticed Boris
 43060 | Vaults:4 | Killed Boris
 43503 | Vaults:4 | Noticed Bai Suzhen
 43523 | Vaults:4 | Killed Bai Suzhen
 43523 | Vaults:4 | Reached skill level 19 in Fighting
 43639 | Vaults:4 | Reached XP level 23. HP: 92/194 MP: 35/35
 44104 | Vaults:4 | Found a shadowy altar of Dithmenos.
 44483 | Vaults:5 | Entered Level 5 of the Vaults
 44515 | Vaults:5 | Reached skill level 20 in Fighting
 44517 | Vaults:5 | Reached skill level 10 in Hexes
 44709 | Vaults:5 | Got a dazzling chain mail
 44725 | Vaults:5 | Identified the +2 chain mail of the Lumpy Hells {Int+3} (You found it on level 5 of the Vaults)
 44768 | Vaults:5 | Got a scorched scimitar
 44769 | Vaults:5 | Identified the +7 scimitar of an ice cave {speed, rC+ MR+ Int-4} (You found it on level 5 of the Vaults)
 44774 | Vaults:5 | Got a translucent lead ring
 44776 | Vaults:5 | Identified the ring of Dumisy {rPois MR+ MP-9 Stlth+} (You found it on level 5 of the Vaults)
 45171 | Vaults:5 | Mangled by a titan

Vault maps used:
D:1:      dpeg_arrival_radiant, kennysheep_crisscross
D:2:      grunt_gozag_statues
D:3:      lemuel_castle_with_subvaults, minitemple, first_bread
D:4:      serial_shops, shop
D:5:      grunt_temple_overflow_open, serial_shops, kennysheep_mini
D:6:      black_bear_nest_1, kennysheep_generic_room_16,
          uniq_crazy_yiuf_cottage, uniq_blork_the_orc
D:7:      grunt_qazlal_sundering, uniq_joseph
D:8:      minmay_lair_entry_lava, basic_altar, uniq_grum
D:9:      zombieorc2_lemuel, serial_undead, serial_undead_f, serial_undead_d,
          serial_undead_e, serial_undead_b
D:10:     hangedman_ranch, kennysheep_small_circle
D:11:     grunt_ministairs_8, minivault_16
D:12:     uniq_fannar, uniq_harold
D:13:     erik_vaults_1, uniq_sonja
D:14:     serial_shops, nicolae_shop_behind_doors, shop,
          lemuel_mausoleum_altar_yredelemnul, minmay_misc_feat_roman
D:15:     grunt_enter_depths_snipers, serial_shops, shop
Lair:1:   minivault_19, hangedman_lair_generics_rect, grunt_megastairs_5
Lair:2:   lemuel_fruit_tree, lemuel_fruit_fields
Lair:3:   guppyfry_snake_entry_island, grunt_megastairs_4,
          infiniplex_staircase_pool
Lair:4:   elwin_shoals_entry_rooms, serial_bayou_shore_b, uniq_snorg
Lair:5:   slime_altar_1, uniq_kirke
Lair:6:   gammafunk_lair_ancient_temple
Shoals:2: cheibrodos_shoals_gigantism
Shoals:4: shoals_end_grunt_ice, shoals_ilsuiw_alternative
Snake:2:  serial_shops, nicolae_shop_window_shopping, serial_bayou_shore_b,
          uniq_azrael
Orc:1:    uniq_urug
Orc:2:    pf_orc_diabolical, uniq_saint_roka, uniq_nessos, uniq_maurice
Elf:1:    minmay_elf_arrival_summoners, minmay_elf_annihilation
Elf:2:    serial_shops, shop_fountains
Vaults:1: vaults_room_stairs_pillars, grunt_vaults_twisty, ontoclasm_vaults_eye,
          dpeg_vaults_pockets_of_resistance, hangedman_vaults_nodes, v_rooms_1,
          ontoclasm_vaults_hangar, nicolae_vaults_asterisk,
          hangedman_vaults_stretched_pinwheel, ontoclasm_vaults_ligature,
          dpeg_vaults_monster_box, nicolae_vaults_yaktaur_gun_rack,
          grunt_vaults_focal, uniq_asterion, uniq_donald
Vaults:2: grunt_vaults_bifocal, ontoclasm_vaults_gateway, st_octagons_2,
          v_misc_22, grunt_vaults_hallway_short,
          minmay_crypt_entry_skeletal_spiral, v_rooms_3,
          hangedman_vaults_stream, v_alt_pattern_2, v_misc_2, v_misc_22,
          ontoclasm_vaults_ring_square, vaults_dpeg_hooks,
          nicolae_vaults_border_crossing, vaults_dpeg_ring
Vaults:3: grunt_vaults_diagonal, hangedman_vaults_corner,
          nicolae_vaults_network_quinsquares, v_pattern_5,
          grunt_vaults_hallway_long, vaults_room_pool,
          vaults_room_mumra_shop_pool, hangedman_vaults_stretched_pinwheel,
          vaults_room_door_hall, ontoclasm_vaults_pinch,
          vaults_standard_mumra_x, grunt_vaults_hallway_short, serial_shops,
          shop, shop, nicolae_shop_crystal, shop, shop
Vaults:4: vaults_mumra_minichess_inversion, grunt_vaults_hallway_long,
          vaults_mumra_chevron_long, hangedman_vaults_capsules,
          nicolae_vaults_little_squares_5, v_misc_5, st_lines,
          hangedman_vaults_restitches, v_misc_15, hangedman_vaults_restitches,
          nicolae_vaults_little_squares_1, basic_altar, uniq_boris,
          uniq_bai_suzhen

Skill      XL: |  1  2  3  4  5  6  7  8  9 10 11 12 13 14 15 16 17 18 19 20 21 22 23 |
---------------+----------------------------------------------------------------------+-----
Long Blades    | 3 4 5 6 8 10 12 13 14 | 14.0
Fighting       | 4 6 9 11 12 13 14 15 16 17 18 19 20 | 20.6
Shields        | 4 5 7 8 9 11 13 15 16 17 19 | 19.8
Invocations    | 2 4 7 9 11 12 13 14 15 16 | 16.2
Dodging        | 3 5 6 8 9 10 11 | 11.1
Armour         | 5 6 8 9 10 11 12 | 12.2
Stealth        | 1 4 5 7 9 10 11 | 11.2
Evocations     | 1 4 6 7 8 9 |  9.5
Throwing       | 3 6 7 |  7.0
Summonings     | 3 5 |  5.7
Necromancy     | 2 |  2.1
Hexes          | 3 7 11 | 11.3
Spellcasting   | 3 6 7 |  7.7
Translocations | 3 |  3.1

Action                   |  1- 3 |  4- 6 |  7- 9 | 10-12 | 13-15 | 16-18 | 19-21 | 22-24 || total
-------------------------+-------+-------+-------+-------+-------+-------+-------+-------++-------
Melee: Long sword        |   140 |   177 |   404 |       |       |       |       |       ||   721
       Falchion          |       |       |   129 |   610 |  1692 |  1112 |       |       ||  3543
       Unarmed           |       |       |       |       |     2 |       |       |       ||     2
       Scimitar          |       |       |       |       |       |   548 |  1647 |   780 ||  2975
Throw: Stone             |       |    10 |     1 |     4 |       |       |       |       ||    15
       Javelin           |       |       |       |     6 |       |       |     3 |       ||     9
 Cast: Poisonous Vapours |       |       |       |       |       |       |     6 |    10 ||    16
       Tukima's Dance    |       |       |       |       |       |       |     1 |    23 ||    24
Invok: Slouch            |       |       |       |    10 |    18 |    24 |    29 |    26 ||   107
 Abil: Hop               |     1 |       |       |     1 |     1 |       |     1 |     1 ||     5
Evoke: Wand              |       |     5 |     2 |    16 |    28 |    12 |     4 |     2 ||    69
       Sack of spiders   |       |       |       |     1 |       |       |       |       ||     1
       Fan of gales      |       |       |       |       |       |       |       |     1 ||     1
       Lamp of fire      |       |       |       |       |       |       |       |     1 ||     1
  Use: Scroll            |     6 |     3 |    13 |     4 |    16 |     9 |     8 |     9 ||    68
       Potion            |       |       |     2 |     1 |    10 |     2 |     7 |     5 ||    27
 Stab: Invisible         |       |       |       |       |     6 |       |       |       ||     6
       Distracted        |       |       |       |       |       |     2 |     3 |       ||     5
       Confused          |       |       |       |       |       |     6 |       |       ||     6
       Sleeping          |       |       |       |       |       |       |     4 |     3 ||     7
  Eat: Chunk             |     2 |     1 |     7 |     2 |     6 |       |     2 |       ||    20
       Meat ration       |       |     1 |       |       |     1 |     1 |     3 |     1 ||     7
       Royal jelly       |       |       |     1 |     2 |     2 |       |       |       ||     5
       Beef jerky        |       |       |       |     6 |     3 |     1 |       |     1 ||    11
       Pizza             |       |       |       |     2 |       |     4 |     1 |     1 ||     8
       Bread ration      |       |       |       |       |     2 |     2 |     2 |     2 ||     8
Armor: Scale mail        |    58 |    54 |       |       |       |       |       |       ||   112
       Plate armour      |       |    27 |   268 |   278 |   598 |   501 |   462 |   268 ||  2402
Dodge: Dodged            |    33 |    32 |    94 |   148 |   549 |   542 |   711 |   282 ||  2391
Block: Shield            |    73 |    84 |    63 |    67 |  1022 |  1102 |  1433 |   706 ||  4550
       Buckler           |       |       |   136 |   150 |       |       |       |       ||   286
       Rpst.: Long sword |     9 |    11 |    21 |       |       |       |       |       ||    41
       Falchion          |       |       |     4 |    40 |   119 |    47 |       |       ||   210
       Scimitar          |       |       |       |       |       |    47 |   141 |    51 ||   239
